 Dungeon Crawl Stone Soup version 0.30.1-11-g7821555f0a (webtiles) character file.

Game seed: 3415465431502946615

105 Noth1ng the Covered (level 4, -9/38 HPs)
             Began as a Demigod Fighter on Nov 27, 2023.
             Mangled by an ogre
             ... wielding a +0 giant spiked club
              (33 damage)
             ... on level 4 of the Dungeon on Nov 28, 2023.
             The game lasted 00:16:07 (1079 turns).

Noth1ng the Covered (Demigod Fighter)               Turns: 1079, Time: 00:16:07

Health: -9/38      AC:  6    Str: 23    XL:     4   Next: 29%
Magic:  6/6        EV: 10    Int: 10    God:
Gold:   45         SH:  5    Dex: 17    Spells: 3/3 levels left

rFire   . . .        a - +0 war axe
rCold   . . .        c - +0 buckler
rNeg    . . .        b - +0 scale mail
rPois   .            (no helmet)
rElec   .            (no cloak)
rCorr   .            (no gloves)
SInv    .            (no boots)
Will    .....        (no amulet) Stlth
                     j - +6 ring of strength
HPRegen 0.26/turn    (no ring)
MPRegen 0.10/turn

%: no passive effects
@: no status effects
A: high MP 1, forlorn, divine attributes
a: no special abilities


You were on level 4 of the Dungeon.
You visited 1 branch of the dungeon, and saw 4 of its levels.

You collected 45 gold pieces.

Inventory:

Hand Weapons
 a - a +0 war axe (weapon)
 i - a +0 spear
Missiles
 h - 3 poisoned darts (quivered)
Armour
 b - a +0 scale mail (worn)
 c - a +0 buckler (worn)
Jewellery
 j - a +6 ring of strength (left hand)
Scrolls
 f - a scroll of teleportation {unknown}
 g - a scroll of noise {unknown}
 l - a scroll of blinking {unknown}
 m - a scroll of silence {unknown}
 n - a scroll of fog {unknown}
Potions
 d - a potion of might
 e - a potion of degeneration {unknown}
 k - a potion of haste {unknown}


   Skills:
 + Level 3.1 Fighting
 + Level 2.8 Axes
 + Level 3.2 Armour
 + Level 1.1 Dodging
 + Level 3.2 Shields


You had 3 spell levels left.
You didn't know any spells.
Your spell library was empty.

Dungeon Overview and Level Annotations

Branches:
Dungeon (4/15)
 Temple: D:4-7


Innate Abilities, Weirdness & Mutations

You have an increased reservoir of magic. (+10% MP)
You shall have no god before yourself.
Your divine heritage dramatically boosts your attributes as you level up.


Message History

You block the orc's attack.
You closely miss the orc.
The orc is heavily wounded.
The orc hits you but does no damage.
You barely miss the orc.
The orc is heavily wounded.
The orc barely misses you. You block the orc's attack.
You hit the orc.
You kill the orc!
Things that are here:
a +0 hand axe; a +0 leather armour; an orc corpse
Found a robe.
You see here a +0 robe.
Sorry, I don't know how to traverse that place.
Found a chain mail.
Really walk into that teleport trap? [Y]es or [N]o only, please.
Really walk into that teleport trap?
Okay, then.
Found a stone staircase leading down.
An ogre comes into view. It is wielding a +0 giant spiked club.
The ogre shouts!
The ogre moves out of view.
You see here a +0 chain mail.
You see here a +0 chain mail.
You barely miss the ogre. You block the ogre's attack.
You slash the ogre!
The ogre is heavily wounded.
The ogre barely misses you.
You barely miss the ogre.
The ogre is heavily wounded.
You block the ogre's attack.
You hit the ogre.
The ogre is almost dead.
The ogre hits you with a +0 giant spiked club!
You barely miss the ogre.
The ogre is almost dead.
The ogre hits you with a +0 giant spiked club!!
Ouch! That really hurt!
You die...

#.# #.# ###.#
.>... #.#.#
#.#^# #.#.#
..#####.#.###.#
......O@......#
..#####.#.#####
#[#.# #.#.#
#.#.# ..#.#
.###.# ##
#.#########
#.........#


You could see an ogre.

Vanquished Creatures
  An iguana (D:3)
  2 adders
  2 worms (D:3)
  2 orcs
  8 bats
  5 endoplasms
  A giant cockroach (D:1)
  4 goblins
  3 hobgoblins
  8 jackals (D:1)
  4 kobolds
  2 ball pythons
  2 frilled lizards
  4 rats
48 creatures vanquished.

Notes
Turn   | Place    | Note
-------+----------+-------------------------------------------
     0 | D:1      | Noth1ng the Demigod Fighter began the quest for the Orb.
     0 | D:1      | Reached XP level 1. HP: 18/18 MP: 3/3
   120 | D:1      | Reached XP level 2. HP: 19/26 MP: 4/4
   423 | D:2      | Reached XP level 3. HP: 31/31 MP: 5/5
   721 | D:3      | Reached skill level 1 in Dodging
   721 | D:3      | Reached XP level 4. HP: 24/38 MP: 6/6
  1069 | D:4      | Noticed an ogre
  1079 | D:4      | Mangled by an ogre

Illustrated notes

Levels and vault maps discovered:
D:1:      tekkud_arrival_beachfront_property, layout_loops_ring
D:2:      layout_loops_ring, chequers_serial_rivers_micro_a
D:3:      kb_forest_paths, layout_basic,
          grunt_temple_overflow_lords_of_destruction
D:4:      layout_basic, nicolae_specific_store

Skill      XL: |  1  2  3 |
---------------+----------+-----
Fighting       | 3 |  3.1
Axes           | 2 |  2.8
Armour         | 3 |  3.2
Dodging        | 1 |  1.1
Shields        | 3 |  3.2

Action                     |  1- 3 |  4- 6 || total
---------------------------+-------+-------++-------
  Melee: War axe           |    99 |    42 ||   141
    Use: Scroll            |     1 |       ||     1
 Armour: Scale mail        |    92 |    23 ||   115
  Dodge: Dodged            |    84 |    15 ||    99
  Block: Buckler           |    45 |    19 ||    64
